 Dungeon Crawl Stone Soup version 0.29.1-2-gbd0b4ee654 (webtiles) character file.

Game seed: 1030405005840404719

378 GorkyZ the Cudgeller (level 6, -1/37 HPs)
             Began as a Gargoyle Gladiator on Dec 1, 2022.
             Was an Initiate of Gozag.
             Killed by divine providence
             ... invoked by an orc priest
              (11 damage)
             ... on level 5 of the Dungeon.
             The game lasted 00:08:55 (3345 turns).

GorkyZ the Cudgeller (Gargoyle Gladiator)           Turns: 3345, Time: 00:08:55

Health: -1/37      AC: 20    Str: 20    XL:     6   Next: 74%
Magic:  6/6        EV: 10    Int:  8    God:    Gozag
Gold:   96         SH:  0    Dex: 11    Spells: 5/5 levels left

rFire   . . .      SeeInvis .   i - +5 mace (protect)
rCold   . . .      Faith    .   (no shield)
rNeg    + . .      Spirit   .   m - +0 scale mail
rPois   ∞          Reflect  .   c - +1 helmet
rElec   +          Harm     .   (no cloak)
rCorr   .          Rampage  .   (no gloves)
Will    .....                   (no boots)
Stlth   ..........              (no amulet)
HPRegen 0.12/turn               (no ring)
MPRegen 0.10/turn               (no ring)

@: gold aura, under a protective aura
A: sickness immunity, AC +4, negative energy resistance 1, electricity
resistance, torment resistance 1, petrification resistance
a: Renounce Religion, Potion Petition, Call Merchant, Bribe Branch


You were on level 5 of the Dungeon.
You worshipped Gozag.
Gozag was noncommittal.
You visited 2 branches of the dungeon, and saw 6 of its levels.

You collected 164 gold pieces.
You paid 68 gold pieces to Gozag.

Inventory:

Hand Weapons
 a - a +0 flail
 i - a +5 mace of protection (weapon)
Missiles
 d - 3 throwing nets (quivered)
 e - 6 javelins
 o - 10 poisoned darts
 s - 5 boomerangs
Armour
 b - a +0 leather armour
 c - a +1 helmet (worn)
 m - a +0 scale mail (worn)
Jewellery
 g - a +6 ring of intelligence
 t - a ring of ice
Wands
 r - a wand of polymorph (4)
Scrolls
 f - 2 scrolls of blinking
 j - a scroll of poison
 q - 2 scrolls of identify
Potions
 h - a potion of ambrosia
 k - 2 potions of lignification {unknown}
 l - a potion of invisibility
 n - 3 potions of heal wounds {unknown}
 p - 2 potions of curing {unknown}
 u - 2 potions of haste {unknown}
 v - a potion of attraction {unknown}


   Skills:
 + Level 3.5 Fighting
 * Level 5.0 Maces & Flails
 + Level 3.0 Throwing
 + Level 2.5 Armour
 + Level 3.3 Dodging


You had 5 spell levels left.
You didn't know any spells.
Your spell library contained the following spells:

 Spells                   Type           Power      Damage    Failure   Level
 Magic Dart               Conj           0%         1d3       77%         1
 Sting                    Tmut/Pois      0%         1d3       77%         1
 Call Imp                 Summ           0%         N/A       88%         2
 Poisonous Vapours        Pois/Air       0%         N/A       88%         2
 Frozen Ramparts          Ice            0%         1d1       98%         3
 Mephitic Cloud           Conj/Pois/Air  0%         N/A       98%         3
 Ice Form                 Ice/Tmut       0%         N/A       100%        4
 Olgreb's Toxic Radiance  Pois           0%         N/A       100%        4
 Summon Ice Beast         Ice/Summ       0%         N/A       100%        4


Dungeon Overview and Level Annotations

Branches:
Dungeon (5/15)             Temple (1/1) D:5

Altars:
Cheibriados
Dithmenos
Elyvilon
Gozag
Trog
Uskayaw
Wu Jian
Xom
Yredelemnul
Zin
The Shining One
Jiyva

Shops:
D:3 [

Annotations:
D:4 2 runed translucent doors, Goreval's ghost, amateur HOMo


Innate Abilities, Weirdness & Mutations

You are immune to sickness and miasma.
Your stone body is resilient. (AC +4)
You are immune to poison.
You resist negative energy. (rN+)
You are resistant to electric shocks. (rElec)
You are resistant to unholy torment.
You are immune to petrification.


Message History

There is a staircase back to the Dungeon here.
You can't go down here!
Unknown command.
You climb upwards.
Welcome back to the Dungeon!
There is a staircase to the Ecumenical Temple here.
You see here a +0 trident.
Found a stone staircase leading up.
An orc comes into view. It is wielding a +0 club.
The orc shouts!
You hear a shout!
An orc comes into view. It is wielding a +0 dagger.
An orc comes into view. It is wielding a +0 mace.
The orc shouts!
An orc priest comes into view. It is wielding a +0 trident.
The orc priest shouts!
An orc priest comes into view. It is wielding a +0 flail.
The orc misses you.
You closely miss the orc. The orc hits you but does no damage.
You thump the orc!
Your weapon exudes an aura of protection.
You kill the orc!
The orc priest looks encouraged for a moment.
The orc priest hits you from afar with a +0 trident.
You thump the orc!
You kill the orc!
The orc priest begins to cast a cantrip, but forgets the words!
The orc priest hits you from afar with a +0 trident.
The orc hits you but does no damage.
The orc priest hits you with a +0 trident.
Things that are here:
12 gold pieces; a +0 dagger; a +0 club You sock the orc priest!
The orc priest is severely wounded.
The orc closely misses you.
The orc priest mumbles some strange prayers to Beogh against you.
Beogh smites you!
* * * LOW HITPOINT WARNING * * *
The orc priest calls down the wrath of Beogh upon you.
Beogh smites you!
You die...
Your body crumbles into a pile of gold.

.###o# .... ...# #..#
#..# ##..### #
###.....# ..... ##.##
####oo<.##..... .....
#...####..@o#### #...
.... .._......#### ##
...# #...##..## ...#
##.# #..#### ### ...#
#.###.....### ###.#
...#
#...........###..##
.<.#
#......##.....).####
...##
##.########.........#
.#..###..#
#####..##...###


You could see 2 orc priests and an orc.

Vanquished Creatures
  A phantom (D:4)
  A scorpion (D:5)
  A howler monkey (D:4)
  2 hounds
  Terence (D:3)
  An orc wizard (D:3)
  3 adders
  A white imp (D:5)
  6 orcs
  2 ball pythons
  8 endoplasms
  2 giant cockroaches
  5 goblins
  12 hobgoblins
  4 bats
  2 frilled lizards (D:1)
  9 kobolds
  4 rats
  A spectral hobgoblin (D:3)
66 creatures vanquished.

Notes
Turn   | Place    | Note
-------+----------+-------------------------------------------
     0 | D:1      | GorkyZ the Gargoyle Gladiator began the quest for the Orb.
     0 | D:1      | Reached XP level 1. HP: 12/12 MP: 1/1
   378 | D:1      | Reached XP level 2. HP: 14/18 MP: 2/2
   970 | D:2      | Found a snail-covered altar of Cheibriados.
   999 | D:2      | Reached XP level 3. HP: 14/22 MP: 3/3
  1347 | D:2      | Reached skill level 1 in Armour
  1686 | D:3      | Identified a scroll of acquirement
  1686 | D:3      | Acquired a +4 mace of protection
  1693 | D:3      | Noticed Terence
  1699 | D:3      | Killed Terence
  1700 | D:3      | Reached XP level 4. HP: 27/27 MP: 4/4
  1709 | D:3      | Reached skill level 4 in Maces & Flails
  2008 | D:3      | Found a faded altar of an unknown god.
  2068 | D:3      | Found a white marble altar of Elyvilon.
  2089 | D:3      | Reached XP level 5. HP: 32/32 MP: 5/5
  2120 | D:3      | Found Lalut's Armour Boutique.
  2595 | D:4      | Found a bloodstained altar of Trog.
  2672 | D:4      | Found a large runed translucent door.
  2673 | D:4      | Found a large runed translucent door.
  2738 | D:4      | Noticed a phantom
  2746 | D:4      | Killed a phantom
  2771 | D:4      | Reached XP level 6. HP: 37/37 MP: 6/6
  3060 | D:4      | Noticed Goreval's ghost (amateur HOMo)
  3161 | D:3      | Found a glowing silver altar of Zin.
  3186 | D:5      | Entered Level 5 of the Dungeon
  3199 | D:5      | Found a hide-covered altar of Uskayaw.
  3230 | D:5      | Found a staircase to the Ecumenical Temple.
  3243 | D:5      | Reached skill level 5 in Maces & Flails
  3251 | Temple   | Entered the Ecumenical Temple
  3268 | Temple   | Became a worshipper of Gozag Ym Sagoz the Greedy
  3345 | D:5      | Killed from afar by an orc priest

Illustrated notes

Levels and vault maps discovered:
D:1:      dpeg_arrival_connections, layout_rooms, minmay_octomino_e4
D:2:      layout_loops_ring, basic_altar, hangedman_decor_slide_cut
D:3:      layout_loops_ring, elyvilon_altar_5, nicolae_overflow_hidden_temple,
          serial_shops, nicolae_shop_crystal,
          dreamdust_ecumenical_altar_drowned_temple, uniq_terence
D:4:      layout_basic, lemuel_doored_altar, ebering_ghost_disaster_area
D:5:      layout_layer_cave, lemuel_round_altar, nicolae_overflow_crystal_walls,
          mainiacjoe_overflow_concentric_impassable, pf_just_have_faith,
          minmay_temple_entry_statues, kennysheep_donut, nrook_mini_backslash
Temple:   pf_slimified_temple

Skill      XL: |  1  2  3  4  5  6 |
---------------+-------------------+-----
Throwing       | 2 3 |  3.0
Armour         | 1 2 |  2.5
Maces & Flails | 4 5 |  5.0
Fighting       | 3 |  3.5
Dodging        | 3 |  3.3

Action                   |  1- 3 |  4- 6 || total
-------------------------+-------+-------++-------
Melee: Flail             |    89 |       ||    89
       Mace              |     5 |    95 ||   100
       Punch             |       |     3 ||     3
  Use: Scroll            |     6 |     4 ||    10
 Stab: Sleeping          |     1 |       ||     1
Armor: Leather armour    |    15 |       ||    15
       Scale mail        |    33 |    61 ||    94
Dodge: Dodged            |    66 |    45 ||   111
